 Dungeon Crawl Stone Soup version 0.28.0-43-g3370ac3207 (webtiles) character file.

Game seed: 9409119982915880309

1855 croobank the Firebug (level 8, -1/57 HPs)
             Began as a Green Draconian Fire Elementalist on Mar 30, 2022.
             Was a Follower of Vehumet.
             Slain by a freezing wraith (6 damage)
             ... on level 7 of the Dungeon.
             The game lasted 00:27:22 (8436 turns).

croobank the Firebug (DrFE)                         Turns: 8436, Time: 00:27:23

Health: -1/57      AC:  9    Str: 10    XL:     8   Next: 89%
Magic:  7/15       EV:  7    Int: 18    God:    Vehumet [*.....]
Gold:   350        SH:  0    Dex: 12    Spells: 8/17 levels left

rFire   . . .      SeeInvis .   a - +1 falchion (vorpal)
rCold   + . .      Faith    .   (no shield)
rNeg    . . .      Spirit   .   (armour unavailable)
rPois   +          Reflect  .   (helmet restricted)
rElec   .          Harm     .   D - +1 cloak
rCorr   .          Rampage  .   w - +0 pair of gloves
Will    .....                   (no boots)
Stlth   +++.......              (no amulet)
HPRegen 0.19/turn               n - ring of protection from cold
MPRegen 0.14/turn               (no ring)

@: short of breath, marked, held, slowed, very slow
A: breathe noxious fumes, AC +6, unfitting armour, poison resistance,
cold-blooded
a: Breathe Noxious Fumes, Renounce Religion


You were on level 7 of the Dungeon.
You worshipped Vehumet.
Vehumet was aware of your devotion.
You visited 2 branches of the dungeon, and saw 8 of its levels.

You collected 434 gold pieces.
You spent 84 gold pieces at shops.

Inventory:

Hand Weapons
 a - a +1 vorpal falchion (weapon)
 b - a +1 vorpal hunting sling
 d - a +0 morningstar
 k - a +2 mace of venom
 x - a +2 dagger of electrocution
 G - a +0 executioner's axe
Missiles
 c - 72 sling bullets
 i - 117 arrows
 m - 6 boomerangs
 p - 2 silver boomerangs
 q - 62 bolts
 v - 184 stones
 y - 3 throwing nets
 H - 6 poisoned darts
Armour
 w - a +0 pair of gloves (worn)
 D - a +1 cloak (worn)
Jewellery
 n - a ring of protection from cold (left hand)
 t - a ring of flight
 E - a ring of fire
Wands
 u - a wand of flame (13)
Scrolls
 e - a scroll of immolation
 g - a scroll of teleportation
 h - a scroll of holy word
 j - 2 scrolls of vulnerability
 l - a scroll of enchant armour
Potions
 f - 5 potions of flight
 o - a potion of cancellation
 r - 3 potions of brilliance
 s - a potion of haste {unknown}
 z - a potion of might
 A - 2 potions of invisibility {unknown}
 B - a potion of mutation
 C - 3 potions of curing
 F - a potion of attraction {unknown}


   Skills:
 + Level 0.1 Fighting
 + Level 5.0 Dodging
 + Level 5.4 Stealth
 + Level 5.0 Spellcasting
 + Level 5.1 Conjurations
 + Level 5.9 Fire Magic


You had 8 spell levels left.
You knew the following spells:

 Your Spells              Type           Power      Damage    Failure   Level
a - Foxfire               Conj/Fire      96%        2x1d8     1%          1
b - Scorch                Fire           50%        2d7       1%          2
c - Flame Wave            Conj/Fire      24%        2d7       14%         4
d - Poisonous Vapours     Pois/Air       8%         N/A       21%         2

Your spell library contained the following spells:

 Spells                   Type           Power      Damage    Failure   Level
 Shock                    Conj/Air       52%        1d6       4%          1
 Conjure Flame            Conj/Fire      24%        6-21      4%          3
 Inner Flame              Hex/Fire       15%        N/A       12%         3
 Freeze                   Ice            16%        1d4       13%         1
 Sting                    Tmut/Pois      16%        1d3       13%         1
 Sublimation of Blood     Necr           4%         N/A       21%         2
 Frozen Ramparts          Ice            8%         1d2       36%         3
 Ozocubu's Armour         Ice            4%         N/A       36%         3
 Hailstorm                Conj/Ice       13%        3d5       43%         4
 Olgreb's Toxic Radiance  Pois           4%         N/A       78%         4
 Petrify                  Tmut/Erth      4%         N/A       78%         4
 Irradiate                Conj/Tmut      6%         3d15      78%         5
 Ozocubu's Refrigeration  Ice            2%         4d5       100%        7


Dungeon Overview and Level Annotations

Branches:
Dungeon (7/15)             Temple (1/1) D:4

Altars:
Gozag
Hepliaklqana
Sif Muna
Vehumet
Zin

Shops:
D:2 ?

Annotations:
D:5 3 runed translucent doors, styxcanada's ghost, novice SpBr
D:7 Harold


Innate Abilities, Weirdness & Mutations

You can breathe blasts of noxious fumes.
Your lurid green scales are hard. (AC +6)
You cannot fit into any form of body armour.
Your system is resistant to poisons. (rPois)
You are cold-blooded and may be slowed by cold attacks.


Message History

Harold is moderately wounded.
Harold's fire resistance burns away.
Harold is engulfed in noxious fumes.
Harold gestures at you while chanting. A sentinel's mark forms upon you.
Casting: Scorch (safe; 1% risk of failure)
Confirm with . or Enter, or press ? or * to list all spells.
Flames lash the freezing wraith.
The freezing wraith is burned terribly!
The freezing wraith is lightly damaged.
The freezing wraith's fire resistance burns away.
Harold is engulfed in noxious fumes.
Harold throws a throwing net.
The throwing net hits you.
You become entangled in the net!
Casting: Scorch (safe; 1% risk of failure)
Confirm with . or Enter, or press ? or * to list all spells.
Okay, then.
Casting: Scorch (safe; 1% risk of failure)
Confirm with . or Enter, or press ? or * to list all spells.
Aiming: Poisonous Vapours (safe; 21% risk of failure)
Press: ? - help, Dir - move target, f/p - Harold
Aim: Harold, wielding a +0 trident and wearing a +0 scale mail (moderately wounded, more vulnerable to fire) Poisonous vapours surround Harold!
Harold is poisoned.
Casting: Poisonous Vapours (safe; 21% risk of failure)
Confirm with . or Enter, or press ? or * to list all spells.
Flames lash Harold.
Harold is burned terribly!
Harold is moderately wounded.
The freezing wraith hits you! The freezing wraith freezes you. You resist.
The freezing wraith hits you. The freezing wraith drains your vigour!
You feel yourself slow down.
Harold is engulfed in noxious fumes.
Harold hits you from afar with a +0 trident!
You struggle against the net.
The freezing wraith is no longer more vulnerable to fire.
The freezing wraith hits you!
* * * LOW HITPOINT WARNING * * *
The freezing wraith freezes you. You resist.
* * * LOW HITPOINT WARNING * * *
The freezing wraith hits you but does no damage.
Harold is engulfed in noxious fumes.
Harold appears confused.
Harold misses the freezing wraith.
The freezing wraith hits you.
* * * LOW HITPOINT WARNING * * *
The freezing wraith freezes you. You resist.
You die...

.................................
....#########.....#####..##.#####
....# #......# #..##.# ....#
#.###### ##..##.# ##### #...###
#...##.# ### #.....# #.#.##.#
..## #.....# ###....# ...#
#.....# #....# ...### #....@#
##...# ...'.# +..8..W@...[##...#
...### #.....#..(.:##...####
...### #.....##...####.....#
.....# ###+###########..##.#
.....# #.............# #....#
#'#######..#### #....#
#'#####...>...# #....#
#.......#######


You could see Harold (confused, poisoned, combustible) and a freezing wraith.

Vanquished Creatures
  A hornet (D:7)
  A shadow (D:5)
  A steam dragon (D:7)
  A sky beast (D:4)
  An ice beast (D:6)
  2 phantoms (D:6)
  Blork the orc (D:5)
  A scorpion (D:7)
  A bullfrog zombie (D:5)
  2 centaur zombies
  A gnoll shaman (D:4)
  2 centaur skeletons
  6 orc priests
  3 hounds
  A jelly (D:5)
  A bullfrog skeleton (D:6)
  An iguana (D:5)
  An orc wizard (D:7)
  A howler monkey zombie (D:5)
  11 gnolls
  8 adders
  An ufetubus (D:5)
  An adder skeleton (D:4)
  2 worms
  6 dart slugs
  20 orcs
  5 endoplasms
  3 giant cockroaches
  7 goblins
  5 hobgoblins (D:1)
  6 jackals (D:3)
  9 ball pythons
  4 bats
  2 frilled lizards
  A kobold (D:2)
  9 rats
129 creatures vanquished.

Vanquished Creatures (collateral kills)
  2 orc priests (D:6)
2 creatures vanquished.

Vanquished Creatures (others)
  187 foxfires
187 creatures vanquished.

Grand Total: 318 creatures vanquished

Notes
Turn   | Place    | Note
-------+----------+-------------------------------------------
     0 | D:1      | croobank the Draconian Fire Elementalist began the quest
                  | for the Orb.
     0 | D:1      | Reached XP level 1. HP: 14/14 MP: 3/3
   208 | D:1      | Reached XP level 2. HP: 20/20 MP: 1/5
  1239 | D:2      | Reached XP level 3. HP: 23/26 MP: 3/6
  1427 | D:2      | Learned a level 2 spell: Scorch
  1529 | D:2      | Reached XP level 4. HP: 33/33 MP: 0/7
  1639 | D:2      | Learned a level 4 spell: Flame Wave
  1993 | D:2      | Found Yrutam's Magic Scroll Shop.
  1999 | D:2      | Bought 3 scrolls of identify for 84 gold pieces
  2615 | D:3      | Found a faded altar of an unknown god.
  3020 | D:3      | Reached XP level 5. HP: 38/38 MP: 7/9
  3386 | D:4      | Noticed a sky beast
  3399 | D:4      | Killed a sky beast
  3554 | D:4      | Reached XP level 6. HP: 45/45 MP: 0/10
  4452 | D:4      | Found a staircase to the Ecumenical Temple.
  4473 | Temple   | Entered the Ecumenical Temple
  4586 | Temple   | Became a worshipper of Vehumet
  4850 | D:5      | Entered Level 5 of the Dungeon
  5184 | D:5      | Noticed Blork the orc
  5209 | D:5      | Killed Blork the orc
  5327 | D:5      | Learned a level 2 spell: Poisonous Vapours
  5330 | D:5      | Your scales start taking on a lurid green colour.
  5330 | D:5      | Reached XP level 7. HP: 50/50 MP: 7/12
  5330 | D:5      | Gained mutation: Your system is resistant to poisons.
                  | (rPois) [Green Draconian growth]
  5539 | D:5      | Noticed a shadow
  5543 | D:5      | Killed a shadow
  5699 | D:5      | Noticed a shadow
  5700 | D:5      | Found a runed translucent gate.
  5700 | D:5      | Found a runed translucent gate.
  5700 | D:5      | Found a runed translucent gate.
  5701 | D:5      | Noticed styxcanada's ghost (novice SpBr)
  6050 | D:4      | Reached * piety under Vehumet
  6050 | D:4      | Offered knowledge of Shock by Vehumet.
  6285 | D:5      | Found a glowing silver altar of Zin.
  6528 | D:6      | Reached skill level 5 in Fire Magic
  6621 | D:6      | Reached XP level 8. HP: 51/57 MP: 7/14
  6629 | D:6      | HP: 1/57 [orc priest/nerve-wracking pain (5)]
  6988 | D:6      | Found an opulent altar of Gozag.
  7796 | D:7      | Reached skill level 5 in Stealth
  7965 | D:7      | Noticed a hornet
  7972 | D:7      | Killed a hornet
  8094 | D:7      | Reached skill level 5 in Conjurations
  8113 | D:7      | Reached skill level 5 in Dodging
  8118 | D:7      | Reached skill level 5 in Spellcasting
  8430 | D:7      | Noticed a freezing wraith
  8430 | D:7      | Noticed Harold
  8436 | D:7      | Slain by a freezing wraith

Illustrated notes

Levels and vault maps discovered:
D:1:      evilmike_arrival_plus, layout_basic
D:2:      layout_basic, serial_shops, nicolae_shop_stone, grunt_decor_fettered
D:3:      layout_loops_ring, shapermc_ecumenical_altar_notcrosses,
          minmay_snake_closets
D:4:      layout_basic, minmay_temple_entry_proselytizer, minivault_5
D:5:      layout_basic, kennysheep_mini_moat, gammafunk_ghost_split,
          uniq_blork_the_orc
D:6:      layout_basic, mainiacjoe_overflow_brackets
D:7:      layout_basic, minmay_three_doors, uniq_harold
Temple:   minmay_temple_forest_path

Skill      XL: |  1  2  3  4  5  6  7  8 |
---------------+-------------------------+-----
Stealth        | 2 3 4 5 |  5.4
Dodging        | 2 3 4 5 |  5.0
Conjurations   | 2 3 4 5 |  5.1
Spellcasting   | 3 4 5 |  5.0
Fire Magic     | 4 5 |  5.9
Fighting       | |  0.1

Action                   |  1- 3 |  4- 6 |  7- 9 || total
-------------------------+-------+-------+-------++-------
Melee: Unarmed           |     7 |     4 |       ||    11
       Tailslap          |     3 |     6 |     4 ||    13
       Falchion          |       |    54 |    21 ||    75
       Punch             |       |     1 |       ||     1
 Fire: Hunting sling     |       |     6 |       ||     6
 Cast: Foxfire           |    37 |    39 |    29 ||   105
       Scorch            |     1 |    57 |    77 ||   135
       Flame Wave        |       |       |     1 ||     1
       Poisonous Vapours |       |       |     1 ||     1
 Abil: Breathe Noxious F |       |       |     5 ||     5
  Use: Scroll            |       |    12 |     8 ||    20
       Potion            |       |     2 |     1 ||     3
 Stab: Sleeping          |     1 |       |     1 ||     2
Armor: Skin              |     8 |    32 |    19 ||    59
Dodge: Dodged            |     9 |    67 |    43 ||   119
